 Dungeon Crawl Stone Soup version 0.17-a0-119-g2b06fc5 (webtiles) character file.

45402 Ngotmuk the Protected (level 14, -1/118 HPs)
             Began as a Deep Dwarf Fighter on Mar 20, 2015.
             Was an Elder of Elyvilon.
             Slain by an orc warrior
             ... wielding a +0 battleaxe
              (19 damage)
             ... on level 2 of the Orcish Mines.
             The game lasted 00:53:49 (12965 turns).

Ngotmuk the Protected (Deep Dwarf Fighter)         Turns: 12965, Time: 00:53:50

Health: -1/118     AC: 22    Str: 25 (27) XL:     14   Next: 1%
Magic:  25/25      EV: 14    Int:  9      God:    Elyvilon [****..]
Gold:   1146       SH:  9    Dex: 12      Spells: 0 memorised, 13 levels left

rFire  + . .     SeeInvis .     n - +5 flail (protect)
rCold  . . .     Clarity  .     g - +0 storm dragon armour
rNeg   + . .     SustAb   +     r - +2 buckler
rPois  +         Gourm    .     p - +0 hat
rElec  +         Spirit   .     (no cloak)
rCorr  .         Warding  .     v - +0 pair of gloves
rMut   .         Stasis   +     (no boots)
MR     ++++.                    u - amulet of stasis
Stlth  ..........               y - ring of Moitenutt {SustAb rF+}
                                C - ring of poison resistance

@: non-regenerating, incredibly resistant to hostile enchantments, extremely
unstealthy
A: damage resistance, recharge devices, claws 1, fangs 1, talons 1, camouflage
1, blurry vision 1, breathe flames 1, frail 1, magic resistance 2, negative
energy resistance 1, sense surroundings 2, screaming 1, electricity resistance,
slow healing 3, strong 1, teleportitis 1
a: Device Recharging, Lesser Healing, Divine Protection, Heal Other,
Purification, Greater Healing, Renounce Religion, Breathe Fire


You were on level 2 of the Orcish Mines.
You worshipped Elyvilon.
Elyvilon was greatly pleased with you.
You were full.

You visited 2 branches of the dungeon, and saw 17 of its levels.
You also visited: Sewer.

You collected 1146 gold pieces.

Inventory:

Hand weapons
 n - a +5 flail of protection (weapon)
Armour
 g - a +0 storm dragon armour (worn)
 p - a +0 hat (worn)
 r - a +2 buckler (worn)
 v - a +0 pair of gloves (worn)
Jewellery
 u - an amulet of stasis (around neck)
 y - the ring of Moitenutt (right hand) {SustAb rF+}
   (You found it on level 8 of the Dungeon)

   [ring of sustain abilities]

   It sustains your strength, intelligence and dexterity.
   It protects you from fire.
 C - a ring of poison resistance (left hand)
Magical devices
 d - a wand of heal wounds (9)
Scrolls
 b - 12 scrolls of identify
 h - 6 scrolls of remove curse
 i - 4 scrolls of teleportation
 k - 2 scrolls of amnesia
 o - 3 scrolls of enchant weapon
 t - 3 scrolls of blinking
 w - a scroll of magic mapping
 x - 4 scrolls of fear
 H - a scroll of torment {unknown}
Potions
 a - a potion of heal wounds
 e - 2 potions of might
 l - 10 potions of curing
 q - a potion of brilliance
 z - a potion of cure mutation {unknown}
 A - a potion of cancellation
 B - a potion of resistance
 E - a potion of ambrosia
 F - a potion of agility
Comestibles
 f - 13 bread rations
 m - 2 slices of pizza
 s - a royal jelly


   Skills:
 + Level 10.1 Fighting
 + Level 11.0 Maces & Flails
 + Level 12.2 Armour
 + Level 11.7 Dodging
 + Level 12.0 Shields
 + Level 7.7 Invocations


You had 13 spell levels left.
You didn't know any spells.

Dungeon Overview and Level Annotations

Branches:
Dungeon (15/15)            Temple (0/1) D:7            Lair (0/8) D:9
    Orc (2/4) D:12         Vaults (0/5) D:13         Depths (0/5) D:15

Altars:
Cheibriados
Dithmenos
Elyvilon
Makhleb
Nemelex Xobeh
Qazlal
Ru
Trog
Xom
Zin
The Shining One

Shops:
D:5 *   D:6 ?   D:7 %   D:12 =   D:14 *

Annotations:
D:5 1 runed door


Innate Abilities, Weirdness & Mutations

You are resistant to damage.
You can recharge devices by infusing magical energy.
You resist negative energy.
You passively map the area around you.
You do not heal naturally.
You have sharp fingernails.
You have very sharp teeth.
You have sharp toenails.
Your skin changes colour to match your surroundings (Stealth).
Scrolls take you a little longer to read.
You can breathe flames.
You are frail (-10% HP).
You are highly resistant to hostile enchantments.
You occasionally shout uncontrollably at your foes.
You are resistant to electric shocks.
Your muscles are strong. (Str +2)
Space occasionally distorts in your vicinity.


Message History

The orc knight hits you with a dire flail!
The orc closely misses you. The orc barely misses you.
You hit the orc knight!
You claw the orc knight, but do no damage.
The orc knight is moderately wounded.
The orc closely misses you. You block the orc warrior's attack.
You block the orc warrior's attack. You block the orc's attack.
The orc warrior hits you but does no damage.
The orc warrior hits you from afar with a halberd of distortion.
Space warps horribly around you!
* * * LOW HITPOINT WARNING * * *
You cannot teleport because you are wearing an amulet of stasis.
You sock the orc wizard!!
You kill the orc wizard!
You block the orc knight's attack.
The orc priest becomes somewhat translucent.
You block the orc's attack. The orc closely misses you.
The orc hits you but does no damage. The orc warrior misses you.
The orc warrior hits you with a battleaxe!!
You die...

* ... , , , * *
,.... , * *
.#.. ##. , ,
####...#....
##.#...#......
#..........#..,
#....o.o.....
###ooooo......
##..oo@ooo.....
#....ooooo.....
*
##....ooo...###
#....oo.....# ,
#.............
, * *
#........#....
,,
#............ ,
..>.....#.. *
,......... ,,


You could see an orc knight, 4 orc warriors, 3 orc priests and 14 orcs.

Vanquished Creatures
  Donald (D:13)
  A very ugly thing (D:15)
  2 ogre magi (D:15)
  3 hydras
  Erica (D:14)
  4 centaur warriors
  Urug (D:14)
  A skeletal warrior (D:13)
  An ice devil (D:15)
  3 hill giants
  2 orc sorcerers (D:15)
  9 ugly things
  2 manticores (D:13)
  A wolf spider (D:15)
  2 cyclopes
  Joseph (D:7)
  Psyche (Orc:1)
  A gargoyle (D:12)
  A yaktaur (shapeshifter) (D:15)
  2 naga magi (D:15)
  2 komodo dragons (D:9)
  2 tengu conjurers (D:13)
  The ghost of lordgrees the Shield-Bearer, an average DrFi of Okawaru (D:4)
  A queen bee (D:9)
  8 trolls
  Prince Ribbit (D:9)
  3 two-headed ogres (D:15)
  2 ravens (D:13)
  4 slime creatures (D:13)
  A hornet zombie (D:14)
  A trapdoor spider (shapeshifter) (D:9)
  5 wyverns
  A shadow (D:11)
  15 humans
  3 wraiths
  A hungry ghost (D:14)
  5 deep elf magi
  16 yaks
  A deep elf fighter (D:15)
  9 vampire mosquitoes
  A hippogriff (D:10)
  A warg (D:12)
  Edmund (D:5)
  A water moccasin (D:9)
  8 orc warriors
  A black bear (D:9)
  Purgy (D:3)
  8 sky beasts
  2 phantoms
  2 eyes of draining
  2 ice beasts
  13 ogres
  A wasp (D:12)
  3 necrophages
  A crocodile (D:10)
  24 centaurs
  Duvessa (D:5)
  2 big kobolds
  Blork the orc (Orc:1)
  12 giant frogs
  2 wyvern zombies
  23 killer bees
  14 wights
  A wyvern skeleton (D:11)
  6 scorpions
  10 jellies
  Dowan (D:5)
  8 crimson imps
  A goliath beetle (D:11)
  7 centaur zombies
  4 hounds
  3 centaur skeletons
  3 giant frog skeletons
  A gnoll shaman (D:7)
  3 iguanas
  7 orc priests
  15 orc wizards
  Natasha (thrice) (D:5)
  7 worker ants
  A hound zombie (D:9)
  A worker ant zombie (D:10)
  11 adders
  4 gnolls (D:5)
  2 giant mites
  2 shadow imps
  2 worms
  An adder zombie (D:5)
  64 orcs
  6 ball pythons
  A bat skeleton (D:6)
  7 giant cockroaches
  20 hobgoblins
  11 jackals
  A sheep (D:5)
  14 bats
  10 giant geckos
  5 giant newts
  A giant spore (D:11)
  14 goblins
  25 kobolds
  4 quokkas
  16 rats
  9 ballistomycetes
  A plant (D:14)
560 creatures vanquished.

Vanquished Creatures (others)
  A deep elf mage (D:9)
  A human (D:13)
  A wight (D:9)
  2 giant spores
  A plant (D:9)
6 creatures vanquished.

Grand Total: 566 creatures vanquished

Notes
Turn   | Place    | Note
--------------------------------------------------------------
     0 | D:1      | Ngotmuk, the Deep Dwarf Fighter, began the quest for the Orb.
     0 | D:1      | Reached XP level 1. HP: 20/20 MP: 1/1
    88 | D:1      | Reached XP level 2. HP: 16/27 MP: 2/2
   818 | D:2      | Reached XP level 3. HP: 11/33 MP: 3/3
  1100 | D:2      | Found a glowing silver altar of Zin.
  1100 | D:2      | Found a white marble altar of Elyvilon.
  1100 | D:2      | Found a glowing golden altar of the Shining One.
  1111 | D:2      | Became a worshipper of Elyvilon the Healer
  1309 | D:3      | Reached skill level 4 in Armour
  1309 | D:3      | Reached skill level 1 in Invocations
  1427 | D:3      | Reached XP level 4. HP: 22/42 MP: 4/4
  1512 | D:3      | Noticed Purgy
  1523 | D:3      | Killed Purgy
  1523 | D:3      | Reached skill level 1 in Dodging
  1523 | D:3      | Reached XP level 5. HP: 21/49 MP: 4/6
  2115 | D:4      | Acquired Elyvilon's first power
  2357 | D:4      | Noticed an ogre
  2364 | D:4      | Killed an ogre
  2364 | D:4      | Reached XP level 6. HP: 11/56 MP: 8/8
  2473 | D:4      | Noticed lordgrees' ghost (average DrFi)
  2497 | D:4      | Killed lordgrees' ghost
  2497 | D:4      | Reached skill level 5 in Armour
  2497 | D:4      | Reached XP level 7. HP: 18/63 MP: 8/11
  2828 | D:5      | Entered Level 5 of the Dungeon
  2828 | D:5      | Found a runed door.
  2828 | D:5      | Found a runed door.
  2837 | D:5      | Noticed Natasha
  2839 | D:5      | Killed Natasha
  2879 | D:5      | Noticed Duvessa
  2890 | D:5      | Noticed Dowan
  2894 | D:5      | Killed Duvessa
  2897 | D:5      | Reached skill level 5 in Shields
  3100 | D:5      | Reached XP level 8. HP: 55/72 MP: 14/14
  3112 | D:5      | Noticed Natasha
  3119 | D:5      | Noticed Edmund
  3121 | D:5      | Killed Natasha
  3136 | D:5      | Killed Edmund
  3326 | D:5      | Found a runed door.
  3329 | D:5      | Found a runed door.
  3330 | D:5      | Found a runed door.
  3339 | D:5      | Found a shimmering altar of Xom.
  3340 | D:5      | Found a runed door.
  3387 | D:5      | Found Weluttot's General Store.
  3410 | D:5      | Noticed Natasha
  3414 | D:5      | Killed Natasha
  3542 | D:5      | Killed Dowan
  3616 | D:6      | Reached skill level 5 in Invocations
  3696 | D:6      | Reached skill level 6 in Armour
  3742 | D:6      | Found a glowing drain.
  3749 | Sewer    | Entered a sewer
  4193 | Sewer    | Gained mutation: You have sharp toenails. [potion of beneficial mutation]
  4239 | D:6      | Reached skill level 5 in Maces & Flails
  4240 | D:6      | Found Brin's Magic Scroll Boutique.
  4461 | D:6      | Reached skill level 5 in Fighting
  4461 | D:6      | Reached skill level 5 in Dodging
  4634 | D:6      | Acquired Elyvilon's second power
  4803 | D:7      | Found a staircase to the Ecumenical Temple.
  4856 | D:7      | Gained mutation: You passively map the area around you. [level up]
  4856 | D:7      | Reached XP level 9. HP: 61/81 MP: 17/17
  4928 | D:7      | Found Stralatre's Food Boutique.
  4948 | D:7      | Noticed Joseph
  4962 | D:7      | Killed Joseph
  5222 | D:8      | Reached skill level 7 in Armour
  5398 | D:8      | Gained mutation: You are resistant to hostile enchantments. [mutagenic meat]
  5399 | D:8      | Gained mutation: Your muscles are strong. (Str +2) [mutagenic meat]
  5521 | D:8      | Found a snail-covered altar of Cheibriados.
  5556 | D:8      | Found a stormy altar of Qazlal.
  5556 | D:8      | Found a shadowy altar of Dithmenos.
  5683 | D:8      | Got a heavily runed granite ring
  5727 | D:8      | Identified the ring of Moitenutt {SustAb rF+} (You found it on level 8 of the Dungeon)
  5819 | D:8      | Found a sparkling altar of Nemelex Xobeh.
  5822 | D:8      | Found a shimmering altar of Xom.
  5825 | D:8      | Found a sacrificial altar of Ru.
  6028 | D:9      | Found a bloodstained altar of Trog.
  6097 | D:9      | Reached XP level 10. HP: 61/91 MP: 18/18
  6150 | D:9      | Found a burning altar of Makhleb.
  6164 | D:9      | Noticed a komodo dragon
  6168 | D:9      | Noticed a four-headed hydra
  6175 | D:9      | Killed a komodo dragon
  6175 | D:9      | Reached skill level 8 in Armour
  6185 | D:9      | Killed a four-headed hydra
  6208 | D:9      | Noticed Prince Ribbit
  6240 | D:9      | Killed Prince Ribbit
  6315 | D:9      | Noticed a brown ugly thing
  6437 | D:9      | Killed a brown ugly thing
  6624 | D:9      | Reached XP level 11. HP: 70/100 MP: 20/20
  6678 | D:9      | Found a staircase to the Lair.
  6680 | D:9      | Noticed a komodo dragon
  6691 | D:9      | Killed a komodo dragon
  6913 | D:9      | Acquired Elyvilon's third power
  7135 | D:10     | Entered Level 10 of the Dungeon
  7199 | D:10     | Noticed a six-headed hydra
  7209 | D:10     | Killed a six-headed hydra
  7209 | D:10     | Reached skill level 9 in Armour
  7567 | D:10     | Gained mutation: You are surrounded by a mild repulsion field (EV +2). [mutagenic meat]
  8251 | D:11     | Gained mutation: Your spells are a little easier to cast, but a little less powerful. [mutagenic meat]
  8252 | D:11     | Gained mutation: You occasionally shout uncontrollably at your foes. [mutagenic meat]
  8253 | D:11     | Gained mutation: You have sharp fingernails. [mutagenic meat]
  8262 | D:11     | Gained mutation: You have very sharp teeth. [mutagenic meat]
  8457 | D:12     | Found a staircase to the Orcish Mines.
  8504 | D:12     | Reached skill level 10 in Armour
  8848 | D:12     | Acquired Elyvilon's fourth power
  8856 | D:12     | Found Bowkaofa's Jewellery Shop.
  9295 | D:13     | Noticed a six-headed hydra
  9296 | D:13     | Noticed a skeletal warrior
  9297 | D:13     | Found a gate to the Vaults.
  9297 | D:13     | Noticed Donald
  9298 | D:13     | Noticed a hill giant
  9303 | D:13     | Noticed a centaur warrior
  9317 | D:13     | Reached XP level 12. HP: 93/111 MP: 3/21
  9329 | D:13     | Killed a centaur warrior
  9341 | D:13     | Killed Donald
  9341 | D:13     | Reached skill level 10 in Shields
  9352 | D:13     | Reached skill level 10 in Dodging
  9487 | D:13     | Killed a hill giant
  9532 | D:13     | Killed a skeletal warrior
  9568 | D:12     | Killed a six-headed hydra
  9848 | D:13     | Noticed a centaur warrior
  9860 | D:13     | Killed a centaur warrior
  9860 | D:13     | Reached skill level 11 in Armour
 10272 | D:13     | Reached skill level 10 in Maces & Flails
 10307 | D:13     | Reached XP level 13. HP: 113/121 MP: 22/22
 10508 | D:13     | Gained mutation: You are resistant to electric shocks. [mutagenic meat]
 10509 | D:13     | Gained mutation: You are highly resistant to hostile enchantments. [mutagenic meat]
 10696 | D:14     | Noticed Erica
 10697 | D:14     | Noticed Urug
 10706 | D:14     | Killed Erica
 10714 | D:14     | Killed Urug
 10741 | D:14     | Found Giraudd's Assorted Antiques.
 11217 | D:15     | Entered Level 15 of the Dungeon
 11354 | D:15     | Found a staircase to the Depths.
 11483 | D:15     | Reached skill level 12 in Armour
 11502 | D:15     | Lost mutation: Your spells are a little easier to cast, but a little less powerful. [mutagenic meat]
 11504 | D:15     | Gained mutation: You can breathe flames. [mutagenic meat]
 11505 | D:15     | Gained mutation: Your mind is acute. (Int +2) [mutagenic meat]
 11506 | D:15     | Gained mutation: Your skin changes colour to match your surroundings (Stealth). [mutagenic meat]
 11507 | D:15     | Lost mutation: You are surrounded by a mild repulsion field (EV +2). [mutagenic meat]
 11508 | D:15     | Gained mutation: You are frail (-10% HP). [mutagenic meat]
 11509 | D:15     | Gained mutation: Scrolls take you a little longer to read. [mutagenic meat]
 11510 | D:15     | Gained mutation: Space occasionally distorts in your vicinity. [mutagenic meat]
 11645 | D:15     | Reached skill level 10 in Fighting
 11679 | D:15     | Noticed a purple very ugly thing
 11693 | D:15     | Killed a purple very ugly thing
 11698 | D:15     | Lost mutation: Your mind is acute. (Int +2) [mutagenic meat]
 12612 | Orc:1    | Entered Level 1 of the Orcish Mines
 12729 | Orc:1    | Noticed Psyche
 12740 | Orc:1    | Killed Psyche
 12740 | Orc:1    | Gained mutation: You resist negative energy. [level up]
 12740 | Orc:1    | Reached XP level 14. HP: 69/118 MP: 25/25
 12850 | Orc:1    | Noticed Blork the orc
 12855 | Orc:1    | Killed Blork the orc
 12965 | Orc:2    | Slain by an orc warrior

Action                   |  1- 3 |  4- 6 |  7- 9 | 10-12 | 13-15 || total
-------------------------+-------+-------+-------+-------+-------++-------
Melee: Flail             |   159 |   119 |   404 |   802 |   415 ||  1899
Invok: Lesser Healing    |       |     8 |    21 |   121 |    40 ||   190
Evoke: Wand              |     1 |       |       |       |       ||     1
  Use: Scroll            |     5 |     2 |     4 |     5 |       ||    16
       Potion            |       |       |     8 |     1 |       ||     9
 Stab: Distracted        |       |       |       |       |     1 ||     1
  Eat: Meat ration       |     1 |       |       |     4 |     1 ||     6
       Fruit             |       |     2 |    15 |     6 |       ||    23
       Beef jerky        |       |       |     1 |       |       ||     1
       Chunk             |       |       |     3 |     7 |    18 ||    28
       Royal jelly       |       |       |     1 |     3 |     3 ||     7
       Pizza             |       |       |       |     1 |       ||     1
       Bread ration      |       |       |       |       |     2 ||     2
